ARIZONA Coyotes vs SAN JOSE Sharks

Created - 26 décembre 2018 at 18:23

Goals
1 2 3 OT1 SO T
ARIZONA Coyotes 1 1 2 0 2 5
SAN JOSE Sharks 1 1 2 0 0 4
Shots
1 2 3 OT1 SO T
ARIZONA Coyotes 7 7 17 0 3 31
SAN JOSE Sharks 5 6 11 3 2 25

1st period

1. ARIZONA Coyotes , Mark Scheifele 18 (Auston Matthews 18, Erik Johnson 17) at 5:02 (PP)
2. SAN JOSE Sharks , Brayden McNabb 8 (Devin Shore 9, Lauri Korpikoski 4) at 13:41

Penalties :
Mike Matheson (SJS) for Holding (Minor) at 4:28, Auston Matthews (ARI) for High sticking (Minor) at 8:26, Sven Baertschi (SJS) for Holding (Minor) at 19:07

2nd period

3. ARIZONA Coyotes , Mark Scheifele 19 (Ian Cole 7, Auston Matthews 19) at 6:19
4. SAN JOSE Sharks , Kyle Connor 7 (Josh Gorges 7) at 9:58 (PP)

Penalties :
Mikko Koivu (ARI) for Goalie Interference (Minor) at 8:08, Deryk Engelland (ARI) for Holding (Minor) at 13:11

3rd period

5. SAN JOSE Sharks , John Mitchell 3 (Marcus Foligno 9) at 3:36
6. ARIZONA Coyotes , Ryan Nugent-Hopkins 10 (Mark Scheifele 26, Alex Goligoski 13) at 8:12 (PP)
7. ARIZONA Coyotes , Travis Konecny 3 (Nikita Zaitsev 9, Nicklas Backstrom 23) at 12:32
8. SAN JOSE Sharks , Chris Tierney 12 (Kyle Connor 14, Radko Gudas 14) at 15:49 (PP)

Penalties :
Mason Raymond (SJS) for Hooking (Minor) at 7:58, Ondrej Kase (ARI) for High sticking (Minor) at 15:02

Overtime #1

No Goal

Penalties :
Auston Matthews (ARI) for Hooking (Minor) at 1:35

Shootout

Penalty Shot by Mark Scheifele for ARIZONA Coyotes - Goal!
Penalty Shot by Johan Franzen for SAN JOSE Sharks - Shot Misses the Net
Penalty Shot by Nicklas Backstrom for ARIZONA Coyotes - Stopped by Reto Berra
Penalty Shot by Nick Schmaltz for SAN JOSE Sharks - Stopped by Andrei Vasilevskiy
Penalty Shot by Auston Matthews for ARIZONA Coyotes - Goal!

Penalties :
No Penalty

Goalie Stats

Andrei Vasilevskiy (ARI), 21 saves from 25 shots - (0,840), W, 18-13-2, 65:00 minutes
Reto Berra (SJS), 27 saves from 31 shots - (0,871), OTL, 5-7-2, 65:00 minutes

Players Stats for ARIZONA Coyotes

Player Name              G  A  P  +/- PIM S  H  SB GA TA FO     MP     PP MP  PK MP  
------------------------------------------------------------------------------------
Alex Goligoski           0  1  1   0  0   1  0  2  0  0  0/0    26:45   1:48   5:08 
Andrew Copp              0  0  0   0  0   0  0  0  0  0  5/10   10:58   0:00   2:43 
Auston Matthews          0  2  2   0  4   4  0  0  0  0  13/23  19:16   1:48   1:19 
Deryk Engelland          0  0  0   0  2   1  3  0  0  0  0/0    22:01   0:59   3:11 
Erik Johnson             0  1  1   0  0   0  2  1  0  0  0/0    26:17   1:48   4:40 
Ian Cole                 0  1  1   0  0   2  3  0  0  0  0/0    18:17   0:00   0:26 
Justin Schultz           0  0  0   0  0   1  1  0  0  0  0/0    20:41   0:59   3:43 
Mark Scheifele           2  1  3   0  0   4  1  1  0  0  8/14   23:43   1:48   4:50 
Mikko Koivu              0  0  0   0  2   3  1  0  0  0  12/12  14:10   0:59   0:43 
Nicklas Backstrom        0  1  1   0  0   1  0  0  0  0  11/20  22:58   0:59   4:50 
Nikita Zaitsev           0  1  1   0  0   1  0  2  0  0  0/0    15:58   0:00   0:00 
Ondrej Kase              0  0  0   0  2   0  0  0  0  0  0/0    11:48   0:00   0:00 
Ryan Donato              0  0  0   0  0   0  0  0  0  0  1/1    11:49   0:00   0:00 
Ryan Hartman             0  0  0   0  0   1  0  0  0  0  0/1     9:14   0:00   0:44 
Ryan Nugent-Hopkins      1  0  1   0  0   7  1  0  0  0  0/0    17:19   1:48   0:00 
Sam Bennett              0  0  0   0  0   0  2  0  0  0  0/1     8:15   0:00   0:00 
Sam Reinhart             0  0  0   0  0   2  0  0  0  0  1/1    16:02   0:59   0:00 
Travis Konecny           1  0  1   0  0   3  3  0  0  0  1/1    15:50   0:00   0:00 

Players Stats for SAN JOSE Sharks

Player Name              G  A  P  +/- PIM S  H  SB GA TA FO     MP     PP MP  PK MP  
------------------------------------------------------------------------------------
Brayden McNabb           1  0  1   0  0   4  4  3  0  0  0/0    22:02   2:44   1:32 
Chris Thorburn           0  0  0   0  0   0  1  0  0  0  0/0    10:27   0:52   0:00 
Chris Tierney            1  0  1   0  0   3  0  0  0  0  9/22   19:15   2:35   0:41 
Devin Shore              0  1  1   0  0   1  1  0  0  0  6/19   14:54   0:00   0:00 
Johan Franzen            0  0  0   0  0   0  0  1  0  0  1/2    15:36   0:00   0:00 
John Mitchell            1  0  1   0  0   1  1  0  0  0  5/10   11:53   2:16   2:06 
Josh Gorges              0  1  1  -1  0   0  2  2  0  0  0/0    21:54   1:54   0:08 
Kyle Connor              1  1  2   0  0   2  1  0  0  0  0/0    18:40   2:35   0:00 
Lauri Korpikoski         0  1  1   0  0   2  3  0  0  0  1/4    14:41   0:00   2:06 
Marcus Foligno           0  1  1   0  0   0  3  0  0  0  0/1    13:03   4:00   0:00 
Mason Raymond            0  0  0   0  2   1  1  0  0  0  0/1    13:15   0:00   0:41 
Mike Matheson            0  0  0   1  2   3  4  1  0  0  0/0    22:01   2:55   1:07 
Milan Michalek           0  0  0   0  0   0  0  0  0  0  0/0    16:05   0:00   0:00 
Nick Schmaltz            0  0  0   0  0   5  2  0  0  0  10/25  21:51   3:27   0:00 
Oliver Kylington         0  0  0   1  0   0  1  0  0  0  0/0    21:31   2:31   1:15 
Radko Gudas              0  1  1  -1  0   0  3  1  0  0  0/0    25:43   3:06   0:00 
Sven Baertschi           0  0  0   0  2   3  0  1  0  0  0/0    17:31   4:00   0:00 
Zach Trotman             0  0  0   0  0   0  0  0  0  0  0/0    16:48   0:00   1:32 

3 Stars

1 - Mark Scheifele (ARI)
2 - Brayden McNabb (SJS)
3 - Kyle Connor (SJS)

Power Play

ARIZONA Coyotes - 2 on 3 Attempt(s) - 66,67%
SAN JOSE Sharks - 2 on 5 Attempt(s) - 40,00%

Penalty Kill

ARIZONA Coyotes - 3 on 5 Attempt(s) - 60,00% - Score 0 goal in Penalty Kill
SAN JOSE Sharks - 1 on 3 Attempt(s) - 33,33% - Score 0 goal in Penalty Kill

Team Stat

ARIZONA Coyotes - Hits : 17 - Faceoff Wins : 52 - Blocked Shots : 6 - Penalty Minutes : 10
SAN JOSE Sharks - Hits : 27 - Faceoff Wins : 32 - Blocked Shots : 9 - Penalty Minutes : 6

Official

Referees : Unknown
Linesman : Unknown

Game Notes

No Game Note

Finance

Level 1 -- Attendance: 4930 (82,17%) -- Ticket Income 493 000 $
Level 2 -- Attendance: 4377 (87,54%) -- Ticket Income 262 620 $
Level 3 -- Attendance: 2000 (100,00%) -- Ticket Income 70 000 $
Level 4 -- Attendance: 3932 (98,30%) -- Ticket Income 78 640 $
Luxury Box -- Attendance: 811 (81,10%) -- Ticket Income 162 200 $
Game was played at the SAP Center.
Total Attendance: 16050 (89,17%)
Total Ticket Income: 1 066 460 $
Other Income: 415 919 $
Total Income: 1 482 379 $

ARIZONA Coyotes

5 vs 5 Forward 
   Center                   Left Wing                Right Wing               Time % Phy DF OF 
 1 Auston Matthews          Ryan Nugent-Hopkins      Mark Scheifele           33     0   0  5  
 2 Nicklas Backstrom        Travis Konecny           Sam Reinhart             32     1   1  3  
 3 Mikko Koivu              Ryan Donato              Ondrej Kase              25     1   1  3  
 4 Andrew Copp              Ryan Hartman             Sam Bennett              10     1   2  2  

5 vs 5 Defense 
   Defense                  Defense                                           Time % Phy DF OF 
 1 Erik Johnson             Alex Goligoski                                    40     1   2  2  
 2 Ian Cole                 Deryk Engelland                                   30     1   2  2  
 3 Nikita Zaitsev           Justin Schultz                                    20     1   2  2  
 4 Nikita Zaitsev           Justin Schultz                                    10     1   2  2  

PowerPlay Forward 
   Center                   Left Wing                Right Wing               Time % Phy DF OF 
 1 Mark Scheifele           Auston Matthews          Ryan Nugent-Hopkins      60     1   2  2  
 2 Nicklas Backstrom        Mikko Koivu              Sam Reinhart             40     1   2  2  

PowerPlay Defense
   Defense                  Defense                                           Time % Phy DF OF 
 1 Erik Johnson             Alex Goligoski                                    60     1   2  2  
 2 Justin Schultz           Deryk Engelland                                   40     1   2  2  

Penalty Kill 4 Players Forward 
   Center                   Wing                     Time % Phy DF OF 
 1 Mark Scheifele           Nicklas Backstrom        60     1   2  2  
 2 Auston Matthews          Mikko Koivu              40     1   2  2  

Penalty Kill 4 Players Defense
   Defense                  Defense                  Time % Phy DF OF 
 1 Erik Johnson             Alex Goligoski           60     1   2  2  
 2 Justin Schultz           Deryk Engelland          40     1   2  2  

Penalty Kill - 3 Players Forward 
   Forward                                           Time % Phy DF OF 
 1 Mark Scheifele                                    60     1   2  2  
 2 Nicklas Backstrom                                 40     1   2  2  

Penalty Kill - 3 Players Defense
   Defense                  Defense                  Time % Phy DF OF 
 1 Erik Johnson             Alex Goligoski           60     1   2  2  
 2 Justin Schultz           Deryk Engelland          40     1   2  2  

4 vs 4 Forward 
   Center                   Wing                     Time % Phy DF OF 
 1 Mark Scheifele           Nicklas Backstrom        60     1   2  2  
 2 Auston Matthews          Mikko Koivu              40     1   2  2  

4 vs 4 Defense
   Defense                  Defense                  Time % Phy DF OF 
 1 Erik Johnson             Alex Goligoski           60     1   2  2  
 2 Justin Schultz           Deryk Engelland          40     1   2  2  

Last Minutes Offensive
   Center                   Left Wing                Right Wing               Defense                  Defense                  
   Mark Scheifele           Ryan Nugent-Hopkins      Sam Bennett              Erik Johnson             Alex Goligoski           

Last Minutes Defensive
   Center                   Left Wing                Right Wing               Defense                  Defense                  
   Mark Scheifele           Ryan Nugent-Hopkins      Sam Bennett              Erik Johnson             Alex Goligoski           

Goaltenders
Starting : Andrei Vasilevskiy       
Backup : Marc-Andre Fleury        

Extra Forwards
Normal : Travis Konecny, Ryan Hartman, Andrew Copp - PP : Travis Konecny, Ryan Hartman - PK : Andrew Copp
Extra Defensemen
Normal : Erik Johnson, Justin Schultz, Alex Goligoski - PP : Alex Goligoski - PK : Justin Schultz, Erik Johnson
Penalty Shots
Mark Scheifele, Nicklas Backstrom, Auston Matthews, Mikko Koivu, Ryan Nugent-Hopkins

SAN JOSE Sharks

5 vs 5 Forward 
   Center                   Left Wing                Right Wing               Time % Phy DF OF 
 1 Nick Schmaltz            Kyle Connor              Milan Michalek           32     1   0  4  
 2 Chris Tierney            Sven Baertschi           Johan Franzen            28     1   3  1  
 3 Devin Shore              Mason Raymond            Lauri Korpikoski         25     0   5  0  
 4 John Mitchell            Marcus Foligno           Chris Thorburn           15     5   0  0  

5 vs 5 Defense 
   Defense                  Defense                                           Time % Phy DF OF 
 1 Josh Gorges              Radko Gudas                                       35     3   1  1  
 2 Mike Matheson            Oliver Kylington                                  30     0   1  4  
 3 Brayden McNabb           Zach Trotman                                      25     1   2  2  
 4 Brayden McNabb           Radko Gudas                                       10     5   0  0  

PowerPlay Forward 
   Center                   Left Wing                Right Wing               Time % Phy DF OF 
 1 Nick Schmaltz            Sven Baertschi           Marcus Foligno           52     0   0  5  
 2 Chris Tierney            Kyle Connor              John Mitchell            48     0   0  5  

PowerPlay Defense
   Defense                  Defense                                           Time % Phy DF OF 
 1 Brayden McNabb           Radko Gudas                                       54     0   0  5  
 2 Mike Matheson            Oliver Kylington                                  46     0   0  5  

Penalty Kill 4 Players Forward 
   Center                   Wing                     Time % Phy DF OF 
 1 Lauri Korpikoski         John Mitchell            60     0   5  0  
 2 Chris Tierney            Mason Raymond            40     0   5  0  

Penalty Kill 4 Players Defense
   Defense                  Defense                  Time % Phy DF OF 
 1 Brayden McNabb           Zach Trotman             60     0   5  0  
 2 Mike Matheson            Oliver Kylington         40     0   5  0  

Penalty Kill - 3 Players Forward 
   Forward                                           Time % Phy DF OF 
 1 Mason Raymond                                     60     1   2  2  
 2 Nick Schmaltz                                     40     1   2  2  

Penalty Kill - 3 Players Defense
   Defense                  Defense                  Time % Phy DF OF 
 1 Brayden McNabb           Radko Gudas              60     1   2  2  
 2 Mike Matheson            Oliver Kylington         40     1   2  2  

4 vs 4 Forward 
   Center                   Wing                     Time % Phy DF OF 
 1 Devin Shore              Nick Schmaltz            60     1   2  2  
 2 Chris Tierney            Marcus Foligno           40     1   2  2  

4 vs 4 Defense
   Defense                  Defense                  Time % Phy DF OF 
 1 Brayden McNabb           Radko Gudas              60     1   2  2  
 2 Mike Matheson            Oliver Kylington         40     1   2  2  

Last Minutes Offensive
   Center                   Left Wing                Right Wing               Defense                  Defense                  
   Nick Schmaltz            Kyle Connor              Mason Raymond            Mike Matheson            Oliver Kylington         

Last Minutes Defensive
   Center                   Left Wing                Right Wing               Defense                  Defense                  
   Nick Schmaltz            Lauri Korpikoski         Marcus Foligno           Mike Matheson            Radko Gudas              

Goaltenders
Starting : Reto Berra               
Backup : Jaroslav Halak           

Extra Forwards
Normal : Chris Thorburn, Johan Franzen, Mason Raymond - PP : Chris Thorburn, Johan Franzen - PK : Johan Franzen
Extra Defensemen
Normal : Oliver Kylington, Zach Trotman, Mike Matheson - PP : Oliver Kylington - PK : Zach Trotman, Mike Matheson
Penalty Shots
Johan Franzen, Nick Schmaltz, Chris Tierney, Sven Baertschi, Kyle Connor


% Time on Ice - ARIZONA Coyotes

Lines # - Real PCT - Wanted PCT - Time Play
Normal Forward
1 - 31% - 33% - 15:31
2 - 30% - 32% - 15:03
3 - 23% - 25% - 11:49
4 - 16% - 10% - 8:15
Normal Defense
1 - 36% - 40% - 18:23
2 - 34% - 30% - 17:04
3 - 21% - 20% - 10:46
4 - 9% - 10% - 4:25
PP Forward
1 - 65% - 60% - 1:48
2 - 35% - 40% - 0:59
PP Defense
1 - 65% - 60% - 1:48
2 - 35% - 40% - 0:59
PK Forward
1 - 73% - 60% - 4:50
2 - 27% - 40% - 1:45
PK Defense
1 - 44% - 60% - 2:55
2 - 56% - 40% - 3:40
PK3 Forward
1 - 76% - 60% - 1:31
2 - 24% - 40% - 0:28
PK3 Defense
1 - 52% - 60% - 1:02
2 - 48% - 40% - 0:57
44 Forward
1 - 78% - 60% - 2:21
2 - 22% - 40% - 0:40
44 Defense
1 - 73% - 60% - 2:13
2 - 27% - 40% - 0:48
Last Minute Offensive  - 0:00
Last Minute Defensive  - 0:00
Total
Forward - 65:00
Defense - 65:00

% Time on Ice - SAN JOSE Sharks

Lines # - Real PCT - Wanted PCT - Time Play
Normal Forward
1 - 32% - 32% - 16:05
2 - 29% - 28% - 14:27
3 - 25% - 25% - 12:35
4 - 15% - 15% - 7:31
Normal Defense
1 - 36% - 35% - 18:19
2 - 32% - 30% - 15:58
3 - 26% - 25% - 13:25
4 - 6% - 10% - 2:56
PP Forward
1 - 61% - 52% - 4:00
2 - 39% - 48% - 2:35
PP Defense
1 - 56% - 54% - 3:40
2 - 44% - 46% - 2:55
PK Forward
1 - 75% - 60% - 2:06
2 - 25% - 40% - 0:41
PK Defense
1 - 55% - 60% - 1:32
2 - 45% - 40% - 1:15
PK3 Forward
1 - 0% - 60%
2 - 0% - 40%
PK3 Defense
1 - 0% - 60%
2 - 0% - 40%
44 Forward
1 - 69% - 60% - 3:28
2 - 31% - 40% - 1:32
44 Defense
1 - 64% - 60% - 3:13
2 - 36% - 40% - 1:47
Last Minute Offensive  - 0:00
Last Minute Defensive  - 0:00
Total
Forward - 65:00
Defense - 65:00

Play by Play

1st period


0:01 of 1st period - Nick Schmaltz wins face-off versus Auston Matthews in neutral zone.
0:03 of 1st period - Radko Gudas is hit by Erik Johnson and loses puck.
0:18 of 1st period - Shot by Auston Matthews.
0:18 of 1st period - Shot Blocked by Josh Gorges.
0:20 of 1st period - Shot by Mark Scheifele.
0:20 of 1st period - Stopped by Reto Berra with a rebound.
0:22 of 1st period - Shot by Ryan Nugent-Hopkins.
0:22 of 1st period - Shot Blocked by Josh Gorges.
0:35 of 1st period - Kyle Connor is hit by Ryan Nugent-Hopkins.
1:08 of 1st period - Shot by Sven Baertschi.
1:08 of 1st period - Shot Hit the Post.
1:10 of 1st period - Shot by Mike Matheson.
1:10 of 1st period - Stopped by Andrei Vasilevskiy with a rebound.
1:31 of 1st period - Chris Tierney is hit by Ian Cole and loses puck.
1:56 of 1st period - Shot by Devin Shore.
1:56 of 1st period - Shot Misses the Net.
1:59 of 1st period - Devin Shore is hit by Deryk Engelland and loses puck.
2:46 of 1st period - Shot by Mikko Koivu.
2:46 of 1st period - Stopped by Reto Berra without a rebound.
2:47 of 1st period - Andrew Copp wins face-off versus Nick Schmaltz in SAN JOSE Sharks zone.
3:16 of 1st period - Milan Michalek is hit by Sam Bennett and loses puck.
3:26 of 1st period - Icing by Josh Gorges.
3:27 of 1st period - Mikko Koivu wins face-off versus Nick Schmaltz in SAN JOSE Sharks zone.
4:04 of 1st period - Shot by Mikko Koivu.
4:04 of 1st period - Stopped by Reto Berra with a rebound.
4:13 of 1st period - Icing by Marcus Foligno.
4:14 of 1st period - Mark Scheifele wins face-off versus John Mitchell in SAN JOSE Sharks zone.
4:25 of 1st period - Shot by Auston Matthews.
4:25 of 1st period - Shot Misses the Net.
4:28 of 1st period - Minor Penalty to Mike Matheson for Holding.
4:29 of 1st period - Mark Scheifele wins face-off versus Lauri Korpikoski in SAN JOSE Sharks zone.
5:02 of 1st period - Shot by Mark Scheifele.
5:02 of 1st period - Goal by Mark Scheifele - ARIZONA Coyotes : 1 - SAN JOSE Sharks : 0.
5:03 of 1st period - Nicklas Backstrom wins face-off versus Chris Tierney in neutral zone.
5:11 of 1st period - Travis Konecny is hit by Mike Matheson and loses puck.
6:04 of 1st period - Icing by Ian Cole.
6:05 of 1st period - Ryan Donato wins face-off versus Devin Shore in ARIZONA Coyotes zone.
6:05 of 1st period - Ryan Donato is hit by Radko Gudas.
6:19 of 1st period - Shot by Devin Shore.
6:19 of 1st period - Stopped by Andrei Vasilevskiy without a rebound.
6:20 of 1st period - John Mitchell wins face-off versus Auston Matthews in ARIZONA Coyotes zone.
6:24 of 1st period - Icing by Erik Johnson.
6:25 of 1st period - Devin Shore wins face-off versus Auston Matthews in ARIZONA Coyotes zone.
6:34 of 1st period - Shot by Ryan Nugent-Hopkins.
6:34 of 1st period - Shot Blocked by Brayden McNabb.
6:38 of 1st period - Shot by Auston Matthews.
6:38 of 1st period - Stopped by Reto Berra without a rebound.
6:39 of 1st period - Mikko Koivu wins face-off versus John Mitchell in SAN JOSE Sharks zone.
6:49 of 1st period - Shot by Marcus Foligno.
6:49 of 1st period - Shot Misses the Net.
6:51 of 1st period - Shot by Marcus Foligno.
6:51 of 1st period - Shot Misses the Net.
6:53 of 1st period - Shot by Chris Thorburn.
6:53 of 1st period - Shot Blocked by Nikita Zaitsev.
6:57 of 1st period - Shot by Marcus Foligno.
6:57 of 1st period - Shot Misses the Net.
7:27 of 1st period - Zach Trotman is hit by Mikko Koivu.
7:47 of 1st period - Shot by Milan Michalek.
7:47 of 1st period - Shot Blocked by Nikita Zaitsev.
7:49 of 1st period - Shot by Brayden McNabb.
7:49 of 1st period - Shot Misses the Net.
8:26 of 1st period - Minor Penalty to Auston Matthews for High sticking.
8:27 of 1st period - Nick Schmaltz wins face-off versus Nicklas Backstrom in ARIZONA Coyotes zone.
9:36 of 1st period - Shot by Mike Matheson.
9:36 of 1st period - Shot Blocked by Mark Scheifele.
10:19 of 1st period - Shot by Josh Gorges.
10:19 of 1st period - Shot Misses the Net.
10:35 of 1st period - Shot by Auston Matthews.
10:35 of 1st period - Shot Blocked by Brayden McNabb.
10:43 of 1st period - Shot by Lauri Korpikoski.
10:43 of 1st period - Shot Blocked by Erik Johnson.
11:04 of 1st period - Icing by Erik Johnson.
11:05 of 1st period - Nick Schmaltz wins face-off versus Auston Matthews in ARIZONA Coyotes zone.
11:06 of 1st period - Shot by Mike Matheson.
11:06 of 1st period - Stopped by Andrei Vasilevskiy without a rebound.
11:07 of 1st period - Sam Reinhart wins face-off versus Nick Schmaltz in ARIZONA Coyotes zone.
12:22 of 1st period - Shot by Sam Bennett.
12:22 of 1st period - Shot Misses the Net.
12:27 of 1st period - Icing by Sven Baertschi.
12:28 of 1st period - Mikko Koivu wins face-off versus Chris Tierney in SAN JOSE Sharks zone.
12:53 of 1st period - Shot by Lauri Korpikoski.
12:53 of 1st period - Shot Blocked by Alex Goligoski.
12:55 of 1st period - Shot by Devin Shore.
12:55 of 1st period - Shot Misses the Net.
12:57 of 1st period - Shot by Lauri Korpikoski.
12:57 of 1st period - Stopped by Andrei Vasilevskiy without a rebound.
12:58 of 1st period - John Mitchell wins face-off versus Auston Matthews in ARIZONA Coyotes zone.
13:06 of 1st period - Marcus Foligno is hit by Ian Cole and loses puck.
13:10 of 1st period - Icing by Ryan Nugent-Hopkins.
13:11 of 1st period - Auston Matthews wins face-off versus Mason Raymond in ARIZONA Coyotes zone.
13:11 of 1st period - Auston Matthews is hit by Lauri Korpikoski.
13:18 of 1st period - Ian Cole is hit by Mason Raymond and loses puck.
13:28 of 1st period - Mark Scheifele is hit by Brayden McNabb and loses puck.
13:41 of 1st period - Shot by Brayden McNabb.
13:41 of 1st period - Goal by Brayden McNabb - ARIZONA Coyotes : 1 - SAN JOSE Sharks : 1.
13:42 of 1st period - Chris Tierney wins face-off versus Nicklas Backstrom in neutral zone.
14:20 of 1st period - Shot by Erik Johnson.
14:20 of 1st period - Shot Misses the Net.
14:22 of 1st period - Shot by Travis Konecny.
14:22 of 1st period - Shot Misses the Net.
14:48 of 1st period - Shot by Auston Matthews.
14:48 of 1st period - Stopped by Reto Berra without a rebound.
14:49 of 1st period - Devin Shore wins face-off versus Andrew Copp in SAN JOSE Sharks zone.
14:49 of 1st period - Devin Shore is hit by Sam Bennett.
15:04 of 1st period - Icing by Andrew Copp.
15:05 of 1st period - Nick Schmaltz wins face-off versus Sam Bennett in ARIZONA Coyotes zone.
15:24 of 1st period - Sam Bennett is hit by Nick Schmaltz and loses puck.
15:58 of 1st period - Icing by Deryk Engelland.
15:59 of 1st period - Andrew Copp wins face-off versus Marcus Foligno in ARIZONA Coyotes zone.
16:56 of 1st period - Shot by Ryan Nugent-Hopkins.
16:56 of 1st period - Stopped by Reto Berra without a rebound.
16:57 of 1st period - Travis Konecny wins face-off versus Devin Shore in SAN JOSE Sharks zone.
17:17 of 1st period - Nikita Zaitsev is hit by Lauri Korpikoski and loses puck.
17:30 of 1st period - Shot by Lauri Korpikoski.
17:30 of 1st period - Shot Misses the Net.
17:32 of 1st period - Shot by Mason Raymond.
17:32 of 1st period - Shot Misses the Net.
17:55 of 1st period - Icing by Oliver Kylington.
17:56 of 1st period - Auston Matthews wins face-off versus Nick Schmaltz in SAN JOSE Sharks zone.
17:58 of 1st period - Ryan Nugent-Hopkins is hit by Mike Matheson and loses puck.
18:05 of 1st period - Ryan Nugent-Hopkins is hit by Kyle Connor and loses puck.
18:50 of 1st period - Icing by Josh Gorges.
18:51 of 1st period - Mikko Koivu wins face-off versus Johan Franzen in SAN JOSE Sharks zone.
19:07 of 1st period - Minor Penalty to Sven Baertschi for Holding.
19:08 of 1st period - Lauri Korpikoski wins face-off versus Nicklas Backstrom in SAN JOSE Sharks zone.
Goals for this period are 1 for ARIZONA Coyotes vs 1 for SAN JOSE Sharks.
Shots for this period are 7 for ARIZONA Coyotes vs 5 for SAN JOSE Sharks.

2nd period


0:01 of 2nd period - Mark Scheifele wins face-off versus Lauri Korpikoski in neutral zone.
1:38 of 2nd period - Ryan Hartman is hit by Josh Gorges and loses puck.
1:54 of 2nd period - Icing by Ian Cole.
1:55 of 2nd period - Andrew Copp wins face-off versus Chris Tierney in ARIZONA Coyotes zone.
2:06 of 2nd period - Icing by Brayden McNabb.
2:07 of 2nd period - Auston Matthews wins face-off versus Chris Tierney in SAN JOSE Sharks zone.
2:14 of 2nd period - Shot by Ryan Nugent-Hopkins.
2:14 of 2nd period - Stopped by Reto Berra without a rebound.
2:15 of 2nd period - Auston Matthews wins face-off versus Devin Shore in SAN JOSE Sharks zone.
3:14 of 2nd period - Shot by Chris Tierney.
3:14 of 2nd period - Stopped by Andrei Vasilevskiy without a rebound.
3:15 of 2nd period - Nick Schmaltz wins face-off versus Nicklas Backstrom in ARIZONA Coyotes zone.
3:15 of 2nd period - Kyle Connor is hit by Justin Schultz and loses puck.
3:32 of 2nd period - Icing by Radko Gudas.
3:33 of 2nd period - Mikko Koivu wins face-off versus Nick Schmaltz in SAN JOSE Sharks zone.
4:10 of 2nd period - Shot by Ian Cole.
4:10 of 2nd period - Stopped by Reto Berra with a rebound.
5:13 of 2nd period - Shot by Nicklas Backstrom.
5:13 of 2nd period - Stopped by Reto Berra with a rebound.
5:24 of 2nd period - Icing by Erik Johnson.
5:25 of 2nd period - Auston Matthews wins face-off versus Devin Shore in ARIZONA Coyotes zone.
5:25 of 2nd period - Auston Matthews is hit by Lauri Korpikoski.
5:41 of 2nd period - Shot by Ryan Nugent-Hopkins.
5:41 of 2nd period - Stopped by Reto Berra without a rebound.
5:42 of 2nd period - John Mitchell wins face-off versus Ryan Hartman in SAN JOSE Sharks zone.
5:58 of 2nd period - Icing by Josh Gorges.
5:59 of 2nd period - John Mitchell wins face-off versus Auston Matthews in SAN JOSE Sharks zone.
6:04 of 2nd period - Deryk Engelland is hit by Marcus Foligno and loses puck.
6:19 of 2nd period - Shot by Mark Scheifele.
6:19 of 2nd period - Goal by Mark Scheifele - ARIZONA Coyotes : 2 - SAN JOSE Sharks : 1.
6:20 of 2nd period - Devin Shore wins face-off versus Nicklas Backstrom in neutral zone.
6:23 of 2nd period - Shot by Lauri Korpikoski.
6:23 of 2nd period - Shot Misses the Net.
6:31 of 2nd period - Shot by Travis Konecny.
6:31 of 2nd period - Deflect By Sam Reinhart.
6:31 of 2nd period - Stopped by Reto Berra with a rebound.
7:16 of 2nd period - Icing by Brayden McNabb.
7:17 of 2nd period - Auston Matthews wins face-off versus Devin Shore in SAN JOSE Sharks zone.
7:17 of 2nd period - Mark Scheifele is hit by Brayden McNabb and loses puck.
8:08 of 2nd period - Minor Penalty to Mikko Koivu for Goalie Interference.
8:09 of 2nd period - Mark Scheifele wins face-off versus Nick Schmaltz in ARIZONA Coyotes zone.
8:17 of 2nd period - Icing by Mike Matheson.
8:18 of 2nd period - Mark Scheifele wins face-off versus Nick Schmaltz in SAN JOSE Sharks zone.
8:27 of 2nd period - Shot by Mark Scheifele.
8:27 of 2nd period - Shot Blocked by Sven Baertschi.
9:30 of 2nd period - Deryk Engelland is hit by Marcus Foligno and loses puck.
9:58 of 2nd period - Shot by Kyle Connor.
9:58 of 2nd period - Goal by Kyle Connor - ARIZONA Coyotes : 2 - SAN JOSE Sharks : 2.
9:59 of 2nd period - Mikko Koivu wins face-off versus Chris Tierney in neutral zone.
10:49 of 2nd period - Erik Johnson is hit by Chris Thorburn and loses puck.
10:53 of 2nd period - Icing by Erik Johnson.
10:54 of 2nd period - Nick Schmaltz wins face-off versus Andrew Copp in ARIZONA Coyotes zone.
11:05 of 2nd period - Shot by Nick Schmaltz.
11:05 of 2nd period - Stopped by Andrei Vasilevskiy with a rebound.
11:07 of 2nd period - Shot by Brayden McNabb.
11:07 of 2nd period - Shot Misses the Net.
11:14 of 2nd period - Nick Schmaltz is hit by Erik Johnson and loses puck.
11:22 of 2nd period - Alex Goligoski is hit by Nick Schmaltz and loses puck.
12:16 of 2nd period - Shot by Travis Konecny.
12:16 of 2nd period - Shot Misses the Net.
12:18 of 2nd period - Shot by Sam Reinhart.
12:18 of 2nd period - Shot Misses the Net.
12:20 of 2nd period - Shot by Nikita Zaitsev.
12:20 of 2nd period - Shot Misses the Net.
13:11 of 2nd period - Minor Penalty to Deryk Engelland for Holding.
13:12 of 2nd period - Chris Tierney wins face-off versus Mark Scheifele in ARIZONA Coyotes zone.
13:29 of 2nd period - Erik Johnson is hit by John Mitchell and loses puck.
14:15 of 2nd period - Shot by Mike Matheson.
14:15 of 2nd period - Shot Misses the Net.
14:17 of 2nd period - Shot by Mike Matheson.
14:17 of 2nd period - Stopped by Andrei Vasilevskiy without a rebound.
14:18 of 2nd period - Nick Schmaltz wins face-off versus Mark Scheifele in ARIZONA Coyotes zone.
14:29 of 2nd period - Shot by Josh Gorges.
14:29 of 2nd period - Shot Blocked by Alex Goligoski.
15:09 of 2nd period - Shot by Mike Matheson.
15:09 of 2nd period - Shot Misses the Net.
15:25 of 2nd period - Shot by Mason Raymond.
15:25 of 2nd period - Stopped by Andrei Vasilevskiy without a rebound.
15:26 of 2nd period - Mikko Koivu wins face-off versus Chris Tierney in ARIZONA Coyotes zone.
15:39 of 2nd period - Shot by Mikko Koivu.
15:39 of 2nd period - Shot Misses the Net.
15:41 of 2nd period - Shot by Deryk Engelland.
15:41 of 2nd period - Stopped by Reto Berra without a rebound.
15:42 of 2nd period - Andrew Copp wins face-off versus Devin Shore in SAN JOSE Sharks zone.
16:29 of 2nd period - Lauri Korpikoski is hit by Ian Cole.
17:12 of 2nd period - Nick Schmaltz is hit by Deryk Engelland and loses puck.
17:30 of 2nd period - Icing by Brayden McNabb.
17:31 of 2nd period - Chris Tierney wins face-off versus Nicklas Backstrom in SAN JOSE Sharks zone.
18:06 of 2nd period - Shot by Chris Tierney.
18:06 of 2nd period - Stopped by Andrei Vasilevskiy with a rebound.
18:13 of 2nd period - Icing by Justin Schultz.
18:14 of 2nd period - Nicklas Backstrom wins face-off versus John Mitchell in ARIZONA Coyotes zone.
18:20 of 2nd period - Radko Gudas is hit by Travis Konecny and loses puck.
18:32 of 2nd period - Radko Gudas is hit by Mark Scheifele and loses puck.
19:21 of 2nd period - Icing by Radko Gudas.
19:22 of 2nd period - Mikko Koivu wins face-off versus John Mitchell in SAN JOSE Sharks zone.
19:41 of 2nd period - Shot by Ondrej Kase.
19:41 of 2nd period - Shot Misses the Net.
Goals for this period are 1 for ARIZONA Coyotes vs 1 for SAN JOSE Sharks.
Shots for this period are 7 for ARIZONA Coyotes vs 6 for SAN JOSE Sharks.

3rd period


0:01 of 3rd period - Nick Schmaltz wins face-off versus Auston Matthews in neutral zone.
0:09 of 3rd period - Shot by Auston Matthews.
0:09 of 3rd period - Stopped by Reto Berra without a rebound.
0:10 of 3rd period - Chris Tierney wins face-off versus Nicklas Backstrom in SAN JOSE Sharks zone.
0:10 of 3rd period - Chris Tierney is hit by Travis Konecny.
0:29 of 3rd period - Travis Konecny is hit by Mike Matheson and loses puck.
0:37 of 3rd period - Travis Konecny is hit by Oliver Kylington and loses puck.
1:02 of 3rd period - Icing by Mike Matheson.
1:03 of 3rd period - Auston Matthews wins face-off versus Chris Tierney in SAN JOSE Sharks zone.
1:27 of 3rd period - Shot by Ryan Nugent-Hopkins.
1:27 of 3rd period - Shot Misses the Net.
1:29 of 3rd period - Shot by Ryan Nugent-Hopkins.
1:29 of 3rd period - Stopped by Reto Berra without a rebound.
1:30 of 3rd period - Mikko Koivu wins face-off versus Nick Schmaltz in SAN JOSE Sharks zone.
1:42 of 3rd period - Shot by Ryan Donato.
1:42 of 3rd period - Shot Misses the Net.
1:55 of 3rd period - Mikko Koivu is hit by Brayden McNabb and loses puck.
2:58 of 3rd period - Shot by Auston Matthews.
2:58 of 3rd period - Shot Misses the Net.
3:34 of 3rd period - Shot by John Mitchell.
3:34 of 3rd period - Shot Misses the Net.
3:36 of 3rd period - Shot by John Mitchell.
3:36 of 3rd period - Goal by John Mitchell - ARIZONA Coyotes : 2 - SAN JOSE Sharks : 3.
3:37 of 3rd period - Nicklas Backstrom wins face-off versus Chris Tierney in neutral zone.
5:22 of 3rd period - Shot by Ryan Hartman.
5:22 of 3rd period - Shot Misses the Net.
5:30 of 3rd period - Shot by Ryan Hartman.
5:30 of 3rd period - Stopped by Reto Berra without a rebound.
5:31 of 3rd period - Auston Matthews wins face-off versus John Mitchell in SAN JOSE Sharks zone.
5:31 of 3rd period - Auston Matthews is hit by Josh Gorges.
5:41 of 3rd period - Shot by Auston Matthews.
5:41 of 3rd period - Shot Misses the Net.
6:06 of 3rd period - Mark Scheifele is hit by Radko Gudas and loses puck.
6:50 of 3rd period - Shot by Kyle Connor.
6:50 of 3rd period - Shot Misses the Net.
7:24 of 3rd period - Off-side.
7:25 of 3rd period - Mikko Koivu wins face-off versus Devin Shore in neutral zone.
7:42 of 3rd period - Shot by Lauri Korpikoski.
7:42 of 3rd period - Stopped by Andrei Vasilevskiy without a rebound.
7:43 of 3rd period - Chris Tierney wins face-off versus Andrew Copp in ARIZONA Coyotes zone.
7:47 of 3rd period - Icing by Nikita Zaitsev.
7:48 of 3rd period - Andrew Copp wins face-off versus Chris Tierney in ARIZONA Coyotes zone.
7:57 of 3rd period - Shot by Sven Baertschi.
7:57 of 3rd period - Stopped by Andrei Vasilevskiy without a rebound.
7:58 of 3rd period - Nicklas Backstrom wins face-off versus Devin Shore in ARIZONA Coyotes zone.
7:58 of 3rd period - Minor Penalty to Mason Raymond for Hooking.
7:59 of 3rd period - Mark Scheifele wins face-off versus Lauri Korpikoski in SAN JOSE Sharks zone.
8:12 of 3rd period - Shot by Ryan Nugent-Hopkins.
8:12 of 3rd period - Goal by Ryan Nugent-Hopkins - ARIZONA Coyotes : 3 - SAN JOSE Sharks : 3.
8:13 of 3rd period - Nicklas Backstrom wins face-off versus Nick Schmaltz in neutral zone.
8:36 of 3rd period - Shot by Brayden McNabb.
8:36 of 3rd period - Stopped by Andrei Vasilevskiy without a rebound.
8:37 of 3rd period - Auston Matthews wins face-off versus Chris Tierney in ARIZONA Coyotes zone.
8:46 of 3rd period - Shot by Auston Matthews.
8:46 of 3rd period - Stopped by Reto Berra with a rebound.
8:52 of 3rd period - Shot by Sven Baertschi.
8:52 of 3rd period - Stopped by Andrei Vasilevskiy with a rebound.
8:57 of 3rd period - Icing by Erik Johnson.
8:58 of 3rd period - Auston Matthews wins face-off versus Nick Schmaltz in ARIZONA Coyotes zone.
9:03 of 3rd period - Shot by Ryan Nugent-Hopkins.
9:03 of 3rd period - Stopped by Reto Berra without a rebound.
9:04 of 3rd period - Nicklas Backstrom wins face-off versus Nick Schmaltz in SAN JOSE Sharks zone.
9:31 of 3rd period - Shot by Travis Konecny.
9:31 of 3rd period - Stopped by Reto Berra without a rebound.
9:32 of 3rd period - Auston Matthews wins face-off versus Chris Tierney in SAN JOSE Sharks zone.
9:48 of 3rd period - Icing by Erik Johnson.
9:49 of 3rd period - Auston Matthews wins face-off versus Devin Shore in ARIZONA Coyotes zone.
9:49 of 3rd period - Auston Matthews is hit by Devin Shore.
9:57 of 3rd period - Shot by Mark Scheifele.
9:57 of 3rd period - Stopped by Reto Berra without a rebound.
9:58 of 3rd period - Nicklas Backstrom wins face-off versus Nick Schmaltz in SAN JOSE Sharks zone.
10:09 of 3rd period - Shot by Nicklas Backstrom.
10:09 of 3rd period - Shot Blocked by Radko Gudas.
10:25 of 3rd period - Shot by Nick Schmaltz.
10:25 of 3rd period - Stopped by Andrei Vasilevskiy without a rebound.
10:26 of 3rd period - Auston Matthews wins face-off versus Chris Tierney in ARIZONA Coyotes zone.
10:31 of 3rd period - Shot by Alex Goligoski.
10:31 of 3rd period - Stopped by Reto Berra without a rebound.
10:32 of 3rd period - Chris Tierney wins face-off versus Auston Matthews in SAN JOSE Sharks zone.
11:34 of 3rd period - Shot by Nick Schmaltz.
11:34 of 3rd period - Deflect By Kyle Connor.
11:34 of 3rd period - Stopped by Andrei Vasilevskiy without a rebound.
11:35 of 3rd period - Nicklas Backstrom wins face-off versus Devin Shore in ARIZONA Coyotes zone.
11:50 of 3rd period - Shot by Travis Konecny.
11:50 of 3rd period - Stopped by Reto Berra without a rebound.
11:51 of 3rd period - Mikko Koivu wins face-off versus Nick Schmaltz in SAN JOSE Sharks zone.
12:18 of 3rd period - Shot by Mikko Koivu.
12:18 of 3rd period - Stopped by Reto Berra without a rebound.
12:19 of 3rd period - Nicklas Backstrom wins face-off versus Devin Shore in SAN JOSE Sharks zone.
12:22 of 3rd period - Shot by Travis Konecny.
12:22 of 3rd period - Shot Misses the Net.
12:24 of 3rd period - Shot by Travis Konecny.
12:24 of 3rd period - Shot Blocked by Brayden McNabb.
12:30 of 3rd period - Shot by Nikita Zaitsev.
12:30 of 3rd period - Stopped by Reto Berra with a rebound.
12:32 of 3rd period - Shot by Travis Konecny.
12:32 of 3rd period - Goal by Travis Konecny - ARIZONA Coyotes : 4 - SAN JOSE Sharks : 3.
12:33 of 3rd period - Chris Tierney wins face-off versus Auston Matthews in neutral zone.
12:46 of 3rd period - Shot by Ryan Nugent-Hopkins.
12:46 of 3rd period - Stopped by Reto Berra without a rebound.
12:47 of 3rd period - Nicklas Backstrom wins face-off versus Nick Schmaltz in SAN JOSE Sharks zone.
13:00 of 3rd period - Milan Michalek is hit by Travis Konecny and loses puck.
13:55 of 3rd period - Shot by Mark Scheifele.
13:55 of 3rd period - Shot Blocked by Mike Matheson.
14:45 of 3rd period - Shot by Ian Cole.
14:45 of 3rd period - Stopped by Reto Berra with a rebound.
15:02 of 3rd period - Minor Penalty to Ondrej Kase for High sticking.
15:03 of 3rd period - Nick Schmaltz wins face-off versus Mark Scheifele in ARIZONA Coyotes zone.
15:08 of 3rd period - Shot by Nick Schmaltz.
15:08 of 3rd period - Stopped by Andrei Vasilevskiy with a rebound.
15:23 of 3rd period - Shot by Brayden McNabb.
15:23 of 3rd period - Stopped by Andrei Vasilevskiy without a rebound.
15:24 of 3rd period - Chris Tierney wins face-off versus Nicklas Backstrom in ARIZONA Coyotes zone.
15:49 of 3rd period - Shot by Chris Tierney.
15:49 of 3rd period - Goal by Chris Tierney - ARIZONA Coyotes : 4 - SAN JOSE Sharks : 4.
15:50 of 3rd period - Mikko Koivu wins face-off versus Chris Tierney in neutral zone.
15:57 of 3rd period - Shot by Mikko Koivu.
15:57 of 3rd period - Shot Misses the Net.
15:59 of 3rd period - Shot by Mikko Koivu.
15:59 of 3rd period - Shot Misses the Net.
16:01 of 3rd period - Shot by Mikko Koivu.
16:01 of 3rd period - Shot Misses the Net.
16:17 of 3rd period - Shot by Justin Schultz.
16:17 of 3rd period - Stopped by Reto Berra without a rebound.
16:18 of 3rd period - Nick Schmaltz wins face-off versus Andrew Copp in SAN JOSE Sharks zone.
16:40 of 3rd period - Icing by Deryk Engelland.
16:41 of 3rd period - John Mitchell wins face-off versus Andrew Copp in ARIZONA Coyotes zone.
17:37 of 3rd period - Shot by Sven Baertschi.
17:37 of 3rd period - Stopped by Andrei Vasilevskiy without a rebound.
17:38 of 3rd period - Nicklas Backstrom wins face-off versus Nick Schmaltz in ARIZONA Coyotes zone.
17:42 of 3rd period - Erik Johnson is hit by Radko Gudas and loses puck.
17:45 of 3rd period - Shot by Sam Reinhart.
17:45 of 3rd period - Stopped by Reto Berra without a rebound.
17:46 of 3rd period - Johan Franzen wins face-off versus Nicklas Backstrom in SAN JOSE Sharks zone.
18:47 of 3rd period - Nikita Zaitsev is hit by Brayden McNabb and loses puck.
Goals for this period are 2 for ARIZONA Coyotes vs 2 for SAN JOSE Sharks.
Shots for this period are 17 for ARIZONA Coyotes vs 11 for SAN JOSE Sharks.

Overtime #1


0:01 of 1st overtime period - Devin Shore wins face-off versus Mark Scheifele in neutral zone.
0:06 of 1st overtime period - Shot by Nick Schmaltz.
0:06 of 1st overtime period - Deflect By Devin Shore.
0:06 of 1st overtime period - Shot Misses the Net.
0:08 of 1st overtime period - Shot by Devin Shore.
0:08 of 1st overtime period - Shot Misses the Net.
0:58 of 1st overtime period - Icing by Mike Matheson.
0:59 of 1st overtime period - Chris Tierney wins face-off versus Auston Matthews in SAN JOSE Sharks zone.
1:09 of 1st overtime period - Chris Tierney is hit by Deryk Engelland and loses puck.
1:31 of 1st overtime period - Auston Matthews is hit by Mike Matheson and loses puck.
1:35 of 1st overtime period - Minor Penalty to Auston Matthews for Hooking.
1:36 of 1st overtime period - Mark Scheifele wins face-off versus Devin Shore in ARIZONA Coyotes zone.
2:01 of 1st overtime period - Shot by Nick Schmaltz.
2:01 of 1st overtime period - Shot Hit the Post.
2:03 of 1st overtime period - Shot by Nick Schmaltz.
2:03 of 1st overtime period - Stopped by Andrei Vasilevskiy with a rebound.
2:51 of 1st overtime period - Mark Scheifele is hit by Marcus Foligno and loses puck.
3:51 of 1st overtime period - Shot by Nicklas Backstrom.
3:51 of 1st overtime period - Deflect By Travis Konecny.
3:51 of 1st overtime period - Shot Misses the Net.
3:55 of 1st overtime period - Shot by Nicklas Backstrom.
3:55 of 1st overtime period - Shot Blocked by Johan Franzen.
4:17 of 1st overtime period - Shot by Nicklas Backstrom.
4:17 of 1st overtime period - Shot Misses the Net.
4:32 of 1st overtime period - Icing by Ryan Hartman.
4:33 of 1st overtime period - Devin Shore wins face-off versus Mark Scheifele in ARIZONA Coyotes zone.
4:36 of 1st overtime period - Shot by Nick Schmaltz.
4:36 of 1st overtime period - Stopped by Andrei Vasilevskiy without a rebound.
4:37 of 1st overtime period - Devin Shore wins face-off versus Mark Scheifele in ARIZONA Coyotes zone.
4:40 of 1st overtime period - Shot by Nick Schmaltz.
4:40 of 1st overtime period - Deflect By Devin Shore.
4:40 of 1st overtime period - Shot Misses the Net.
4:42 of 1st overtime period - Shot by Devin Shore.
4:42 of 1st overtime period - Shot Misses the Net.
4:44 of 1st overtime period - Shot by Brayden McNabb.
4:44 of 1st overtime period - Stopped by Andrei Vasilevskiy without a rebound.
4:45 of 1st overtime period - Mark Scheifele wins face-off versus Devin Shore in ARIZONA Coyotes zone.
Goals for this period are 0 for ARIZONA Coyotes vs 0 for SAN JOSE Sharks.
Shots for this period are 0 for ARIZONA Coyotes vs 3 for SAN JOSE Sharks.

ShootOut


5:00 of 1st overtime period - Penalty Shot by Mark Scheifele for ARIZONA Coyotes.
5:00 of 1st overtime period - Goal by Mark Scheifele.
5:00 of 1st overtime period - Penalty Shot by Johan Franzen for SAN JOSE Sharks.
5:00 of 1st overtime period - Shot Misses the Net.
5:00 of 1st overtime period - Penalty Shot by Nicklas Backstrom for ARIZONA Coyotes.
5:00 of 1st overtime period - Stopped by Reto Berra.
5:00 of 1st overtime period - Penalty Shot by Nick Schmaltz for SAN JOSE Sharks.
5:00 of 1st overtime period - Stopped by Andrei Vasilevskiy.
5:00 of 1st overtime period - Penalty Shot by Auston Matthews for ARIZONA Coyotes.
5:00 of 1st overtime period - Goal by Auston Matthews.